 Dungeon Crawl Stone Soup version 0.22-a0-412-g2b68d14 (webtiles) character file.

19540 nikopol the Cleaver (level 12, -1/109 (110) HPs)
             Began as a Minotaur Berserker on May 12, 2018.
             Was a High Priest of Trog.
             Killed from afar by Harold (14 damage)
             ... with a bolt of fire
             ... on level 3 of the Lair of Beasts.
             The game lasted 00:31:48 (11421 turns).

nikopol the Cleaver (Minotaur Berserker)           Turns: 11421, Time: 00:31:49

HP:   -1/109 (110)  AC: 16    Str: 27    XL:     12   Next: 37%
MP:   11/11         EV: 11    Int:  4    God:    Trog [*****.]
Gold: 648           SH:  0    Dex: 14    Spells: 11/11 levels left

rFire    + . .     SeeInvis .   a - +2 battleaxe (drain)
rCold    . . .     Gourm    .   (shield currently unavailable)
rNeg     . . .     Faith    .   R - +0 chain mail (curse)
rPois    .         Spirit   .   (helmet restricted)
rElec    .         Reflect  .   s - +0 cloak
rCorr    .         Harm     .   U - +1 pair of gloves
MR       .....                  F - +0 pair of boots of the Shining Light {rF+ Str+4}
Stlth    ..........             (no amulet)
HPRegen  0.28/turn              h - +4 ring of evasion
MPRegen  0.12/turn              O - +4 ring of evasion

@: held
A: retaliatory headbutt, horns 2
a: Berserk, Trog's Hand, Brothers in Arms, Renounce Religion


You were on level 3 of the Lair of Beasts.
You worshipped Trog.
Trog was extremely pleased with you.
You were not hungry.

You visited 2 branches of the dungeon, and saw 12 of its levels.
You visited the Abyss 1 time.
You also visited: Sewer.

You collected 648 gold pieces.

Inventory:

Hand Weapons
 a - a +2 battleaxe of draining (weapon)
 L - the +5 mace "Woug" {crush, MR+}
   (You took it off an orc on level 5 of the Dungeon)

   It inflicts extra damage upon your enemies.
   It affects your resistance to hostile enchantments.
Missiles
 k - 113 arrows (quivered)
Armour
 s - a +0 cloak (worn)
 F - the +0 pair of boots of the Shining Light (worn) {rF+ Str+4}
   (You found it on level 5 of the Dungeon)

   It affects your strength (+4).
   It protects you from fire.
 Q - a +1 pair of boots of flying
 R - a cursed +0 chain mail (worn)
 U - a +1 pair of gloves (worn)
Jewellery
 h - a +4 ring of evasion (left hand)
 z - an uncursed ring of protection from cold
 O - a +4 ring of evasion (right hand)
Wands
 j - a wand of disintegration (24)
 q - a wand of paralysis (17)
 w - a wand of enslavement (9)
 B - a wand of polymorph (13)
 D - a wand of random effects (32)
 G - a wand of scattershot (8)
 J - a wand of clouds (2)
Scrolls
 e - 2 scrolls of amnesia
 f - 2 scrolls of enchant armour
 i - 7 scrolls of teleportation
 n - a scroll of noise {unknown}
 o - a scroll of enchant weapon {unknown}
 p - 5 scrolls of remove curse
 v - a scroll of fog {unknown}
 x - 2 scrolls of fear {unknown}
 y - a scroll of holy word {unknown}
 E - a scroll of magic mapping
 H - 3 scrolls of random uselessness {unknown}
 K - 2 scrolls of identify
 M - 2 scrolls of blinking {unknown}
Potions
 b - 5 potions of flight
 d - 2 potions of might
 g - 2 potions of lignification
 l - 4 potions of heal wounds
 r - 9 potions of degeneration
 t - a potion of agility
 u - a potion of cancellation
 A - 4 potions of ambrosia
 C - 3 potions of mutation
 I - 2 potions of curing
 N - a potion of brilliance
 T - a potion of haste
Comestibles
 c - 23 rations
 m - 10 chunks of flesh


   Skills:
 + Level 11.6 Fighting
 + Level 14.8(15.9) Axes
 + Level 10.1(13.6) Maces & Flails
 + Level 8.8 Armour
 + Level 8.0 Dodging
 + Level 2.8 Stealth


You had 11 spell levels left.
You didn't know any spells.
Your spell library was empty.

Dungeon Overview and Level Annotations

Branches:
Dungeon (9/15)             Temple (0/1) D:7            Lair (3/6) D:8
  Snake (0/4) Lair:3          Orc (0/2) D:9
  Swamp: Lair:2-4    Shoals: Lair:2-4

Altars:
Ashenzari
Fedhas
Gozag
Hepliaklqana
Kikubaaqudgha
Makhleb
Nemelex Xobeh
Sif Muna
Trog
Uskayaw
Vehumet
The Shining One

Shops:
D:7 (   D:9 (*[

Annotations:
D:2 Robin
Lair:3 Harold


Innate Abilities, Weirdness & Mutations

You reflexively headbutt those who attack you in melee.
You have a pair of horns on your head.


Message History

Things that are here:
a throwing net; a vampire mosquito corpse You struggle against the net.
You feel sick.
You are no longer poisoned.
The electric eel shoots out a bolt of lightning at you!
The bolt of electricity hits you! x2
A vampire mosquito comes into view.
You struggle against the net.
The vampire mosquito moves out of view.
The electric eel shoots out a bolt of lightning at you!
The bolt of electricity hits you! x2
* * * LOW HITPOINT WARNING * * *
You struggle against the net.
The electric eel shoots out a bolt of lightning at you!
The bolt of electricity hits you!
* * * LOW HITPOINT WARNING * * *
The bolt of electricity hits you!
* * * LOW HITPOINT WARNING * * *
Harold points at you and mumbles some strange words.
The bolt of fire hits you! You resist.
You die...

......#..##. ......#....
............
..................#.....
......+.P............##.
......#.P............###
........)............# #
P...#@..#.....####.### #
........##P.P##♣.♣.P #
.......@.....#♣.≈..♣ ≈#
.......†....†#♣.♣♣)♣♣≈P#
..$.......†..#P≈♣...♣≈P#
...........#......>.....
♣.♣.♣##.#..###≈.♣...♣.≈#
♣♣;♣ ###..# #≈P♣♣.♣♣♣♣#
♣≈≈ ...# #≈≈♣))♣ §§
♣.... ##P♣P)♣
♣...P#.####.#


You could see Harold and an electric eel.

Vanquished Creatures
  Erica (D:8)
  Pikel (D:7)
  5 elephants (Lair:2)
  Joseph (D:7)
  2 rust devils (D:8)
  5 spiny frogs (Lair:1)
  A komodo dragon (Lair:3)
  A polar bear (Lair:3)
  2 trolls (D:9)
  Grinder (D:3)
  Prince Ribbit (Lair:3)
  3 blink frogs (Lair:3)
  4 hippogriffs
  Sigmund (D:5)
  2 wyverns
  4 hogs (D:7)
  The ghost of Totori the Skirmisher, an amateur DrWn (D:3)
  A human (D:7)
  16 yaks
  Grum (D:8)
  A steam dragon (D:9)
  2 vampire mosquitoes (Lair:3)
  2 insubstantial wisps (D:9)
  4 nagas (Lair:3)
  5 water moccasins
  6 orc warriors
  4 porcupines
  Purgy (Sewer)
  2 ice beasts
  A phantom (D:6)
  7 sky beasts
  A black bear (D:9)
  A swamp drake (D:9)
  A necrophage (D:6)
  5 ogres
  A centaur (D:6)
  6 crocodiles
  6 wolves
  A big kobold (D:4)
  Blork the orc (D:4)
  6 bullfrogs
  A gnoll sergeant (D:6)
  A scorpion (D:9)
  11 wights
  5 howler monkeys
  4 crimson imps
  2 quasits
  A centaur zombie (D:4)
  4 hounds
  A bullfrog zombie (D:9)
  Crazy Yiuf (D:3)
  5 orc priests
  2 bullfrog skeletons
  A centaur skeleton (D:5)
  Natasha (D:3)
  3 iguanas
  12 orc wizards
  9 worker ants
  A hound zombie (D:5)
  A hound skeleton (D:6)
  2 worker ant zombies
  5 gnolls (D:6)
  A howler monkey skeleton (D:7)
  6 adders
  2 shadow imps
  2 oozes
  An adder zombie (D:9)
  3 adder skeletons
  2 worms
  6 dart slugs
  5 leopard geckos
  51 orcs
  8 ball pythons
  6 bats
  5 giant cockroaches
  6 goblins
  14 hobgoblins
  8 jackals
  18 kobolds
  2 quokkas
  9 frilled lizards
  A giant cockroach zombie (D:6)
  A leopard gecko skeleton (D:7)
  2 quokka zombies (D:8)
  7 rats
  3 fungi (D:3)
360 creatures vanquished.

Vanquished Creatures (others)
  3 slaves (D:7)
  A wight (D:7)
  An orc wizard (D:7)
  4 orcs (D:7)
  A fungus (D:3)
10 creatures vanquished.

Grand Total: 370 creatures vanquished

Notes
Turn   | Place    | Note
-------+----------+-------------------------------------------
     0 | D:1      | nikopol the Minotaur Berserker began the quest for the Orb.
     0 | D:1      | Reached XP level 1. HP: 19/19 MP: 0/0
   218 | D:1      | Reached skill level 4 in Axes
   218 | D:1      | Reached XP level 2. HP: 27/27 MP: 1/1
   493 | D:1      | Reached XP level 3. HP: 22/33 MP: 2/2
   611 | D:1      | Reached ** piety under Trog
  1302 | D:2      | Noticed Robin
  1511 | D:2      | Reached skill level 5 in Axes
  1552 | D:2      | Reached XP level 4. HP: 36/41 MP: 3/3
  1922 | D:3      | Noticed Totori's ghost (amateur DrWn)
  1928 | D:3      | Killed Totori's ghost
  1928 | D:3      | Reached skill level 5 in Fighting
  1928 | D:3      | Reached skill level 6 in Axes
  1928 | D:3      | Reached XP level 5. HP: 48/48 MP: 4/4
  2263 | D:3      | Noticed Grinder
  2268 | D:3      | Noticed an ogre
  2272 | D:3      | Killed Grinder
  2272 | D:3      | Reached XP level 6. HP: 32/56 MP: 5/5
  2276 | D:3      | Reached *** piety under Trog
  2276 | D:3      | Reached skill level 7 in Axes
  2276 | D:3      | Reached skill level 1 in Stealth
  2276 | D:3      | Reached XP level 7. HP: 35/61 MP: 6/6
  2984 | D:3      | Noticed Natasha
  2990 | D:3      | Killed Natasha
  3068 | D:3      | Found a runed door.
  3072 | D:3      | Noticed Crazy Yiuf
  3076 | D:3      | Killed Crazy Yiuf
  3233 | D:4      | Reached skill level 8 in Axes
  3301 | D:4      | Noticed Blork the orc
  3313 | D:4      | Killed Blork the orc
  3461 | D:4      | Reached **** piety under Trog
  3616 | D:4      | Reached XP level 8. HP: 70/70 MP: 7/7
  3744 | D:4      | Found an opulent altar of Gozag.
  3887 | D:5      | Entered Level 5 of the Dungeon
  4001 | D:5      | Found a glowing drain.
  4011 | Sewer    | Entered a sewer
  4058 | Sewer    | Noticed Purgy
  4065 | Sewer    | Killed Purgy
  4065 | Sewer    | Reached skill level 9 in Axes
  4065 | Sewer    | Reached skill level 5 in Dodging
  4272 | D:5      | Noticed Sigmund
  4277 | D:5      | Cast into level 1 of the Abyss (Sigmund)
  4296 | Abyss:1  | Found a blossoming altar of Fedhas.
  4302 | D:5      | Escaped the Abyss
  4351 | D:5      | Got an iridescent mace {crush}
  4375 | D:5      | Found a blossoming altar of Fedhas.
  4391 | D:5      | Identified the +5 mace "Woug" {crush, MR+} (You took it off an orc on level 5 of the Dungeon)
  4464 | D:5      | Got a pair of blackened boots
  4475 | D:5      | Identified the cursed +0 pair of boots of the Shining Light {rF+ Str+4} (You found it on level 5 of the Dungeon)
  4565 | D:5      | Killed Sigmund
  4565 | D:5      | Reached skill level 5 in Armour
  5004 | D:6      | Reached skill level 10 in Axes
  5076 | D:6      | Reached skill level 1 in Maces & Flails
  5114 | D:6      | Reached XP level 9. HP: 81/81 MP: 8/8
  5563 | D:6      | Found a shattered altar of Ashenzari.
  5669 | D:6      | Reached ***** piety under Trog
  5782 | D:7      | Noticed Pikel
  5795 | D:7      | Killed Pikel
  5795 | D:7      | Reached skill level 5 in Maces & Flails
  6006 | D:7      | Noticed Joseph
  6035 | D:7      | Killed Joseph
  6035 | D:7      | Reached XP level 10. HP: 65/89 MP: 9/9
  6164 | D:7      | Found Legaqitrep's Antique Weapon Emporium.
  6224 | D:7      | Found a sparkling altar of Nemelex Xobeh.
  6248 | D:7      | Found a bloodstained altar of Trog.
  6339 | D:7      | Found a staircase to the Ecumenical Temple.
  6789 | D:8      | Found a burning altar of Makhleb.
  6831 | D:8      | Received a gift from Trog
  6898 | D:8      | Found a radiant altar of Vehumet.
  6959 | D:8      | Found a staircase to the Lair.
  7028 | D:8      | Found a hazy altar of Hepliaklqana.
  7040 | D:8      | Noticed Erica
  7048 | D:8      | Killed Erica
  7348 | D:8      | Reached skill level 10 in Maces & Flails
  7503 | D:8      | Found an ancient bone altar of Kikubaaqudgha.
  7534 | D:8      | Noticed Grum
  7541 | D:8      | Killed Grum
  7557 | D:8      | Found a deep blue altar of Sif Muna.
  7857 | D:9      | Found a hide-covered altar of Uskayaw.
  7903 | D:9      | Found a glowing golden altar of the Shining One.
  7916 | D:9      | Reached skill level 11 in Axes
  7961 | D:9      | Reached XP level 11. HP: 74/96 MP: 10/10
  8075 | D:9      | Reached skill level 10 in Fighting
  8079 | D:9      | Found Syheqyon's Assorted Antiques.
  8243 | D:9      | Reached skill level 12 in Axes
  8244 | D:9      | Found a staircase to the Orcish Mines.
  8340 | D:9      | Found Pavuvilo's Armour Boutique.
  8363 | D:9      | Received a gift from Trog
  8479 | D:9      | Found a sparkling altar of Nemelex Xobeh.
  8726 | D:9      | Found Kumok's Antique Weapon Emporium.
  9144 | Lair:1   | Entered Level 1 of the Lair of Beasts
  9189 | Lair:1   | Found a sparkling altar of Nemelex Xobeh.
  9571 | Lair:1   | Reached skill level 13 in Axes
 10210 | Lair:2   | Reached XP level 12. HP: 98/109 MP: 11/11
 10429 | Lair:2   | Reached skill level 14 in Axes
 11312 | Lair:3   | Noticed Prince Ribbit
 11331 | Lair:3   | Killed Prince Ribbit
 11367 | Lair:3   | Found a staircase to the Snake Pit.
 11415 | Lair:3   | Noticed Harold
 11421 | Lair:3   | Killed from afar by Harold

Vault maps used:
D:1:      dpeg_arrival_tiny_f, roderic_serpentine_path
D:2:      minmay_misc_feat_roman, uniq_robin
D:3:      uniq_grinder, uniq_natasha, uniq_crazy_yiuf_cottage
D:4:      cheibrodos_thug_alley, kennysheep_mini, uniq_blork_the_orc
D:5:      fedhas_altar_3, portal_sewer_entry_b, first_ration, interstate_on_off,
          nicolae_zen_rock_garden, kennysheep_generic_room_3, uniq_sigmund
D:6:      evilmike_ruin_ashenzari
D:7:      lemuel_round_altar, minmay_temple_entry_hall, serial_shops,
          nicolae_shop_competitors_out_of_business, grunt_livestock,
          nemelex_dance_club_becter, uniq_pikel, uniq_joseph
D:8:      cheibrodos_iron_armory, grunt_temple_overflow_magic_moments,
          lemuel_round_altar, old_standard_altar, lair_entry_dummy, uniq_grum,
          uniq_erica
D:9:      overflow_temple_1_default, marbit_many_paths, kennysheep_little_box,
          erik_orc_1, serial_shops, shop,
          nicolae_shop_competitors_out_of_business, shop, hangedman_misty_isle
Lair:1:   basic_altar, st_stairs_9, grunt_megastairs_2
Lair:3:   regret_index_wax_grids, minmay_swamp_entry_swarm,
          guppyfry_snake_entry_garden, st_stairs_8, minmay_lair_oklob_items,
          minivault_26, bobbens_dragon_lair_wall, infiniplex_staircase_pool,
          uniq_harold, uniq_prince_ribbit2
Sewer:    sewer_co_purgy_island

Skill      XL: |  1  2  3  4  5  6  7  8  9 10 11 12 |
---------------+-------------------------------------+-----
Axes           | 4 5 6 7 8 10 11 13 14 | 14.8
Fighting       | 4 5 6 7 8 9 11 | 11.6
Dodging        | 3 4 5 6 7 8 |  8.0
Armour         | 3 4 5 6 7 8 |  8.8
Stealth        | 1 2 |  2.8
Maces & Flails | 1 7 10 | 10.1

Action                   |  1- 3 |  4- 6 |  7- 9 | 10-12 || total
-------------------------+-------+-------+-------+-------++-------
Melee: Hand axe          |   118 |    39 |   197 |       ||   354
       Headbutt          |    17 |     5 |    87 |    90 ||   199
       Mace              |       |       |   149 |    46 ||   195
       Battleaxe         |       |       |       |   321 ||   321
 Fire: Shortbow          |       |       |     4 |       ||     4
Invok: Berserk           |       |     2 |     2 |     1 ||     5
  Use: Scroll            |       |       |    12 |     4 ||    16
  Eat: Chunk             |     2 |     3 |    15 |    19 ||    39
Armor: Animal skin       |    18 |     1 |       |       ||    19
       Ring mail         |       |     7 |   106 |    47 ||   160
       Chain mail        |       |       |       |    38 ||    38
Dodge: Dodged            |    70 |    26 |   275 |   367 ||   738

Table legend:
 A = Spawn XP
 B = Non-spawn XP
 C = Spawn XP percentage of total XP
 D = Spawn monster count
 E = Non-spawn monster count
 F = Spawn count percentage of total count
 G = Total turns spent on level
                    A         B        C        D         E        F      G
               +---------+---------+-------+---------+---------+-------+---------
         Total |       0 |   27915 |   0.0 |       0 |     357 |   0.0 | 11421
               +---------+---------+-------+---------+---------+-------+---------
           D:1 |       0 |      61 |   0.0 |       0 |      31 |   0.0 |  1052
           D:2 |       0 |      54 |   0.0 |       0 |      20 |   0.0 |   853
           D:3 |       0 |     813 |   0.0 |       0 |      29 |   0.0 |  1281
           D:4 |       0 |     562 |   0.0 |       0 |      32 |   0.0 |   701
           D:5 |       0 |     791 |   0.0 |       0 |      30 |   0.0 |   937
           D:6 |       0 |    1049 |   0.0 |       0 |      30 |   0.0 |   710
           D:7 |       0 |    3473 |   0.0 |       0 |      33 |   0.0 |  1008
           D:8 |       0 |    4111 |   0.0 |       0 |      36 |   0.0 |  1479
           D:9 |       0 |    4296 |   0.0 |       0 |      51 |   0.0 |   911
        Lair:1 |       0 |    4298 |   0.0 |       0 |      19 |   0.0 |  1039
        Lair:2 |       0 |    4726 |   0.0 |       0 |      19 |   0.0 |  1038
        Lair:3 |       0 |    3537 |   0.0 |       0 |      18 |   0.0 |   200
         Sewer |       0 |     144 |   0.0 |       0 |       9 |   0.0 |   187
               +---------+---------+-------+---------+---------+-------+---------
